 Dungeon Sprint DCSS version 0.31-a0-700-gf13585253f (webtiles) character file.

Game seed: 7063389003829722696

3478 sircluck the Grappler (level 9, -1/105 HPs)
             Began as a Troll Berserker on Sept 7, 2023.
             Was a High Priest of Trog.
             Slain by a hornet (17 damage)
             ... while paralysed by a hornet
             ... in the Dungeon (Sprint I: "Red Sonja").
             The game lasted 00:03:06 (679 turns).

sircluck the Grappler (Troll Berserker)              Turns: 679, Time: 00:03:07

Health: -1/105     AC:  1    Str: 31    XL:     9   Next: 79%
Magic:  8/8        EV:  1    Int:  3    God:    Trog [*****.]
Gold:   732        SH:  0    Dex:  9    Spells: 8/8 levels left

rFire   . .          .
                       - Unarmed
rCold   . . .        (no shield)
rNeg    + + +        a - +0 animal skin
rPois   .            (helmet restricted)
rElec   +            n - +0 cloak
rCorr   .            (gloves unavailable)
SInv    .            (boots unavailable)
Will    .....        (no amulet)
Stlth   +            l - ring "Unnen" {Wiz *Corrode Fly rElec rN+++}
HPRegen 1.17/turn    (no ring)
MPRegen 0.11/turn

%: no teleportation, corrode self (3%), wizardry (x1)
@: paralysed, lethally poisoned (-1 -> -10), corroded, flying, slowed
A: large, unfitting armour, claws 3, regeneration 1, shaggy fur 1, tough skin 1
a: Renounce Religion, Berserk, Trog's Hand, Brothers in Arms


You were in the Dungeon.
You worshipped Trog.
Trog was extremely pleased with you.
You visited 1 branch You collected 835 gold pieces.
You spent 103 gold pieces at shops.

Inventory:

Missiles
 j - 4 curare-tipped darts
 m - 3 stones
 o - 5 poisoned darts
Armour
 a - a +0 animal skin (worn)
 n - a +0 cloak (worn)
Jewellery
 l - the ring "Unnen" (left claw) {Wiz *Corrode Fly rElec rN+++}
   (You found it in the Dungeon)

   [ring of wizardry]

   Wiz:       It improves your spell success rate.
   rElec:     It insulates you from electricity.
   rN+++:     It renders you almost immune to negative energy.
   Fly:       It grants you flight.
   *Corrode:  It may corrode you when you take damage.
Wands
 h - a wand of paralysis (9)
Scrolls
 g - a scroll of blinking
 i - a scroll of identify {unknown}
 p - a scroll of fog {unknown}
Potions
 b - 3 potions of curing
 c - a potion of heal wounds
 d - a potion of haste
 e - 2 potions of magic
 f - a potion of berserk rage
 k - a potion of lignification {unknown}


   Skills:
 + Level 11.6 Fighting
 + Level 11.5 Dodging
 + Level 13.5 Unarmed Combat


You had 8 spell levels left.
You didn't know any spells.
Your spell library was empty.

Dungeon Overview and Level Annotations

Branches:
Dungeon (1/1)

Altars:
Cheibriados
Dithmenos
Elyvilon
Fedhas
Gozag
Hepliaklqana
Kikubaaqudgha
Makhleb
Nemelex Xobeh
Okawaru
Qazlal
Ru
Sif Muna
Trog
Uskayaw
Vehumet
Wu Jian
Xom
Yredelemnul
Zin
The Shining One
Jiyva
Lugonu

Shops:
D [([


Innate Abilities, Weirdness & Mutations

You are too large for most types of armour.
You have claws for hands.
Your natural rate of healing is unusually fast.
You are covered in fur. (AC +1)
You have tough skin. (AC +1)


Message History

You feel yourself slow down.
You feel very sick.
The hornet stings you but does no damage.
The hornet stings you.
You feel as though you will be slow longer.
You feel very sick. The hornet stings you!
You feel as though you will be slow longer.
You can move again.
Unknown command.
You claw the hornet!
The hornet is almost dead.
You feel very sick. The hornet misses you. The hornet stings you!
You feel as though you will be slow longer.
You miss the hornet. Your claw misses the hornet.
The hornet is almost dead.
You feel sick. The hornet closely misses you. x2
You barely miss the hornet.
The hornet is almost dead.
You feel sick. The hornet stings you.
You are more poisoned.
You feel as though you will be slow longer.
You scratch the hornet.
The hornet is almost dead.
You feel very sick. The hornet stings you.
You suddenly lose the ability to move!
The hornet stings you.
You shrug off the repeated paralysis!
You feel very sick. The hornet stings you!
* * * LOW HITPOINT WARNING * * *
You are more poisoned.
You shrug off the repeated paralysis!
You feel very sick. The hornet stings you.
* * * LOW HITPOINT WARNING * * *
Your corrosive artefact corrodes you!
You feel as though you will be slow longer.
The hornet stings you!
You die...

#####################
.)..#..'..#__#..'.).#
.#..').#..'..'..#)..#
###'#####'#__####...+
##..#...#)####§.#####
_####.)##.#~~§§)#§§#
____##'#_.+~§§§§@y§#
.∩...÷..._#~§~).#$$#
..__##_.#'##§#####+#
____###'#[#:).:###
#######.####'###.##
.....'...'.....'.∩#
++####...##########
###.### #.#'#.#


You could see a hornet.

Vanquished Creatures
  2 centaur warriors (D)
  Sonja (D)
  A deep troll (D)
  2 kobold demonologists (D)
  A slime creature (D)
  A yak (D)
  Sigmund (D)
  A floating eye (D)
  An ogre (D)
  A jelly (D)
  Ijyb (D)
  A ballistomycete spore (D)
14 creatures vanquished.

Vanquished Creatures (others)
  A ballistomycete spore (D)
1 creature vanquished.

Grand Total: 15 creatures vanquished

Notes
Turn   | Place    | Note
-------+----------+-------------------------------------------
     0 | D        | sircluck the Troll Berserker began the quest for the Orb.
     0 | D        | Reached XP level 1. HP: 22/22 MP: 0/0
     1 | D        | Noticed Ijyb
     6 | D        | Paralysed by Ijyb for 3 turns
    11 | D        | Killed Ijyb
    12 | D        | Reached skill level 4 in Unarmed Combat
    12 | D        | Reached XP level 2. HP: 8/32 MP: 1/1
   152 | D        | Noticed an ogre
   157 | D        | Killed an ogre
   158 | D        | Reached skill level 5 in Fighting
   158 | D        | Reached skill level 5 in Dodging
   158 | D        | Reached skill level 6 in Unarmed Combat
   158 | D        | Reached XP level 3. HP: 42/42 MP: 2/2
   158 | D        | Reached XP level 4. HP: 50/50 MP: 3/3
   171 | D        | Noticed Sigmund
   181 | D        | Killed Sigmund
   181 | D        | Reached ** piety under Trog
   182 | D        | Reached skill level 7 in Unarmed Combat
   182 | D        | Reached XP level 5. HP: 58/61 MP: 4/4
   198 | D        | Found an ornate altar of the Wu Jian Council.
   198 | D        | Found a shimmering blue altar of Sif Muna.
   200 | D        | Found a radiant altar of Vehumet.
   205 | D        | Reached skill level 8 in Unarmed Combat
   205 | D        | Reached XP level 6. HP: 61/68 MP: 5/5
   232 | D        | Found Jaluwar's Weapon Emporium.
   232 | D        | Found an ancient bone altar of Kikubaaqudgha.
   232 | D        | Found a hazy altar of Hepliaklqana.
   232 | D        | Found a hide-covered altar of Uskayaw.
   232 | D        | Found a basalt altar of Yredelemnul.
   232 | D        | Found an opulent altar of Gozag.
   232 | D        | Found a snail-covered altar of Cheibriados.
   232 | D        | Found a sacrificial altar of Ru.
   232 | D        | Found a shadowy altar of Dithmenos.
   232 | D        | Noticed a yak
   242 | D        | Killed a yak
   284 | D        | Found a stormy altar of Qazlal.
   284 | D        | Found a blossoming altar of Fedhas.
   284 | D        | Found a bloodstained altar of Trog.
   284 | D        | Found an iron altar of Okawaru.
   284 | D        | Found a glowing golden altar of the Shining One.
   284 | D        | Found a glowing silver altar of Zin.
   284 | D        | Found a white marble altar of Elyvilon.
   285 | D        | Found a sparkling altar of Nemelex Xobeh.
   300 | D        | Found a burning altar of Makhleb.
   300 | D        | Found a viscous altar of Jiyva.
   300 | D        | Found a shimmering altar of Xom.
   300 | D        | Found a corrupted altar of Lugonu.
   300 | D        | Noticed a slime creature
   305 | D        | Killed a slime creature
   305 | D        | Reached *** piety under Trog
   306 | D        | Reached skill level 9 in Unarmed Combat
   306 | D        | Reached XP level 7. HP: 56/80 MP: 6/6
   327 | D        | Noticed a kobold demonologist
   328 | D        | Noticed a kobold demonologist
   329 | D        | Noticed a ynoxinul
   329 | D        | Paralysed by a floating eye for 2 turns
   332 | D        | Noticed a hellwing
   337 | D        | Noticed a soul eater
   340 | D        | Killed a kobold demonologist
   341 | D        | Reached skill level 10 in Unarmed Combat
   344 | D        | Noticed a chaos spawn
   345 | D        | Noticed an orange demon
   345 | D        | Killed a kobold demonologist
   345 | D        | Reached **** piety under Trog
   346 | D        | Reached skill level 11 in Unarmed Combat
   346 | D        | Reached XP level 8. HP: 48/92 MP: 7/7
   384 | D        | Noticed Sonja
   393 | D        | Killed Sonja
   394 | D        | Reached skill level 10 in Fighting
   394 | D        | Reached skill level 10 in Dodging
   489 | D        | Noticed a deep troll
   494 | D        | Killed a deep troll
   495 | D        | Reached skill level 12 in Unarmed Combat
   495 | D        | Reached XP level 9. HP: 83/102 MP: 8/8
   514 | D        | Found Siash's Armour Emporium.
   516 | D        | Identified the ring "Unnen" {Wiz *Corrode Fly rElec rN+++}
   537 | D        | Found Hatoigem's Antique Armour Boutique.
   545 | D        | Bought a cloak for 103 gold pieces
   599 | D        | Noticed a centaur warrior
   600 | D        | Noticed a centaur warrior
   605 | D        | Killed a centaur warrior
   606 | D        | Reached skill level 13 in Unarmed Combat
   607 | D        | Killed a centaur warrior
   607 | D        | Reached ***** piety under Trog
   670 | D        | Paralysed by a hornet for 3 turns
   677 | D        | Paralysed by a hornet for 3 turns
   679 | D        | Slain by a hornet

Illustrated notes

Levels and vault maps discovered:
D:        dungeon_sprint_1 [red_sonja_temple_1, red_sonja_temple_small_1]

Skill      XL: |  1  2  3  4  5  6  7  8  9 |
---------------+----------------------------+-----
Fighting       | 3 5 6 8 9 10 11 | 11.6
Dodging        | 3 5 6 8 9 10 11 | 11.5
Unarmed Combat | 4 6 7 8 9 11 12 13 | 13.5

Action                     |  1- 3 |  4- 6 |  7- 9 || total
---------------------------+-------+-------+-------++-------
  Melee: Unarmed           |    10 |    25 |    37 ||    72
         Punch             |       |     2 |     2 ||     4
 Invoke: Berserk           |       |       |     1 ||     1
  Evoke: Wand              |     1 |     2 |       ||     3
 Armour: Animal skin       |     4 |    12 |    66 ||    82
  Dodge: Dodged            |     3 |     7 |    22 ||    32

Table legend: (Time is in decaauts)
 A = Elapsed time spent in this place.
 B = Non-inter-level travel time spent in this place.
 C = Inter-level travel time spent in this place.
 D = Time resting spent in this place.
 E = Time spent auto-exploring this place.
 F = Levels seen in this place.
 G = Mean time per level.
                   A        B        C        D        E       F      G
               +--------+--------+--------+--------+--------+-----+--------+
         Total |    677 |    642 |     35 |    264 |    118 |   1 |  677.0 |
       Dungeon |    677 |    642 |     35 |    264 |    118 |   1 |  677.0 |
               +--------+--------+--------+--------+--------+-----+--------+

Top non-repeatable levels by time:
       D: 677 daAuts
